[Event "FIDE World Cup O10-A 2024"]
[Site "Batumi"]
[Date "2024.06.25"]
[Round "3.2"]
[White "Bolashakov, Nurali"]
[Black "Shangin, Lev"]
[Result "1-0"]
[ECO "B96"]
[WhiteElo "1843"]
[BlackElo "2031"]
[Annotator "NA RC"]
[PlyCount "51"]
[EventDate "2024.06.23"]
[EventType "swiss"]
[EventCountry "GEO"]
[SourceTitle "playchess.com"]
[Source "ChessBase"]
[SourceQuality "1"]
[TimeControl "5400+30"]

1. e4 c5 2. Nf3 d6 3. d4 cxd4 4. Nxd4 Nf6 5. Nc3 a6 6. Bg5 Nbd7 7. f4 Qc7 8. Qf3 b5 9. O-O-O Bb7 10. Bd3 Qb6 11. Nb3 e6 12. Rhe1 b4 13. Nd5 exd5 14. exd5+ Kd8 15. Bf5 Kc7 16. Bh4 Qb5 $17 17. c4 Qxc4+ 18. Kb1 Bxd5 19. Qe3 Nc5 20. Bxf6 gxf6 21. Rd4 Qb5 22. Rxd5 Qc6 23. Qf3 Re8 24. Red1 Rg8 25. Nxc5 dxc5 26. Bd7 1-0

[Event "FIDE World Cup O10-A 2024"]
[Site "Batumi"]
[Date "2024.06.25"]
[Round "3.3"]
[White "Vyom Malhotra"]
[Black "Faramarzi Garousi, Maartia"]
[Result "1-0"]
[ECO "A07"]
[WhiteElo "1803"]
[BlackElo "1820"]
[Annotator "NA RC"]
[PlyCount "91"]
[EventDate "2024.06.23"]
[EventType "swiss"]
[EventCountry "GEO"]
[SourceTitle "playchess.com"]
[Source "ChessBase"]
[SourceQuality "1"]
[TimeControl "5400+30"]

1. Nf3 d5 2. b3 Bf5 3. Bb2 e6 4. g3 Nf6 5. Bg2 Be7 6. O-O h6 7. d3 O-O 8. Nbd2 c5 9. Re1 Bh7 10. e4 Nc6 11. exd5 exd5 12. Ne5 Nxe5 13. Bxe5 Re8 14. d4 Rc8 15. c3 cxd4 16. cxd4 Bb4 17. Rc1 Qa5 18. Rxc8 Rxc8 19. Bxf6 Bg6 20. Qg4 Ra8 21. Re5 gxf6 22. Rxd5 Qxa2 23. Nf3 Qxb3 24. Nh4 Qb1+ 25. Bf1 Re8 26. Nxg6 Qxg6 27. Qf3 Qe4 28. Qb3 a5 29. Rh5 Bf8 30. Rh4 Qe7 31. Rg4+ Bg7 32. Qb5 Ra8 33. Bd3 Qe1+ 34. Kg2 Qe6 35. Qh5 a4 36. d5 Qd7 37. Bb1 a3 38. Ba2 Rc8 39. d6 f5 40. Rg6 Kh8 41. Rxh6+ Bxh6 42. Qxh6+ Kg8 43. Qg6+ Kf8 44. Qh7 Qc6+ 45. Kh3 Ke8 46. Qxf7+ 1-0

[Event "FIDE World Cup O10-A 2024"]
[Site "Batumi"]
[Date "2024.06.25"]
[Round "3.4"]
[White "Hummatov, Safa"]
[Black "Safin Safarullakhan"]
[Result "0-1"]
[ECO "B55"]
[WhiteElo "1693"]
[BlackElo "1879"]
[Annotator "NA RC"]
[PlyCount "100"]
[EventDate "2024.06.23"]
[EventType "swiss"]
[EventCountry "GEO"]
[SourceTitle "playchess.com"]
[Source "ChessBase"]
[SourceQuality "1"]
[TimeControl "5400+30"]

1. e4 c5 2. Nf3 d6 3. d4 cxd4 4. Nxd4 Nf6 5. f3 e5 6. Nb3 a5 7. c4 Nxe4 8. fxe4 Qh4+ 9. Kd2 a4 10. Nc3 axb3 11. g3 Qd8 12. Qxb3 Nc6 13. Ne2 Qf6 14. Ke1 Be7 15. Bg2 O-O 16. Be3 Be6 17. Rf1 Qg6 18. Rc1 Rfb8 $19 19. a4 Bg5 20. Bxg5 Qxg5 21. Qd1 Bg4 22. Bf3 Bxf3 23. Rxf3 Qg4 24. Nc3 Nd4 25. Rf2 Qg5 26. Ne2 Nxe2 27. Rxe2 Rxa4 28. Rc3 Ra6 29. Kf2 h5 30. Qd5 Rc6 31. b4 Rd8 32. b5 Rc7 33. Rf3 Qc1 34. b6 Rcd7 35. Kg2 Rc8 36. Rd3 Rc5 37. Qxc5 dxc5 38. Rxd7 Qxc4 39. Kf2 Qa6 40. Rd6 c4 41. Rc2 Qb5 42. Kg2 Qa4 43. Rdd2 Qc6 44. Re2 f5 45. Kh3 fxe4 46. Kh4 Qxb6 47. Kxh5 Qe6 48. Kg5 b5 49. Rxe4 Qf6+ 50. Kg4 g6 0-1

[Event "FIDE World Cup O10-A 2024"]
[Site "Batumi"]
[Date "2024.06.25"]
[Round "3.5"]
[White "Jakhaia, Andria"]
[Black "Aryan Mehta"]
[Result "1-0"]
[ECO "B90"]
[WhiteElo "1652"]
[BlackElo "1863"]
[Annotator "NA RC"]
[PlyCount "127"]
[EventDate "2024.06.23"]
[EventType "swiss"]
[EventCountry "GEO"]
[SourceTitle "playchess.com"]
[Source "ChessBase"]
[SourceQuality "1"]
[TimeControl "5400+30"]

1. e4 c5 2. Nf3 d6 3. d4 cxd4 4. Nxd4 Nf6 5. Nc3 a6 6. Rg1 e5 7. Nb3 Be6 8. g4 d5 9. exd5 Nxd5 10. Nxd5 Qxd5 11. Qxd5 Bxd5 12. Be3 Nc6 13. O-O-O O-O-O 14. Bb6 Rd7 15. Rg3 Be7 16. Nc5 Bxc5 17. Bxc5 Kc7 18. g5 Be6 19. Rxd7+ Bxd7 20. Bc4 Nd4 21. Bxd4 exd4 22. Rf3 Rf8 23. Rxf7 Rxf7 24. Bxf7 Kd6 25. f4 Be6 26. Bh5 g6 27. Be2 Bd5 28. Kd2 Be4 29. Bc4 b5 30. Bg8 Bf5 31. h4 Bg4 32. Kd3 Kc5 33. Bxh7 Bh5 34. Bg8 Bg4 35. Bh7 Bh5 36. f5 gxf5 37. g6 Bf3 38. g7 Be4+ 39. Kd2 Bd5 40. g8=Q Bxg8 41. Bxg8 Kd6 42. Kd3 Ke5 43. Bf7 Kf6 44. Bh5 Ke5 45. Bf3 a5 46. c3 dxc3 47. Kxc3 Kf4 48. Bc6 b4+ 49. Kb3 Kg4 50. Ka4 Kxh4 51. Kxa5 f4 52. Kxb4 Kg3 53. a4 f3 54. a5 f2 55. Bb5 Kg2 56. a6 Kg1 57. a7 f1=Q 58. Bxf1 Kxf1 59. a8=Q Kf2 60. Qe4 Kg3 61. Kc4 Kh2 62. Qd3 Kh1 63. Qe2 Kg1 64. Kd3 1-0

[Event "FIDE World Cup O10-A 2024"]
[Site "Batumi"]
[Date "2024.06.25"]
[Round "3.6"]
[White "Tsulaia, Giorgi"]
[Black "Mrozowski, Nikodem"]
[Result "0-1"]
[ECO "B56"]
[WhiteElo "1646"]
[BlackElo "1776"]
[Annotator "NA RC"]
[PlyCount "146"]
[EventDate "2024.06.23"]
[EventType "swiss"]
[EventCountry "GEO"]
[SourceTitle "playchess.com"]
[Source "ChessBase"]
[SourceQuality "1"]
[TimeControl "5400+30"]

1. e4 c5 2. Nf3 d6 3. d4 cxd4 4. Nxd4 Nf6 5. Nc3 Bd7 6. Be3 Nc6 7. f3 e5 8. Nb3 Be6 9. Qd2 a5 10. Bb5 Be7 11. Na4 Nd7 12. O-O Qc7 13. c4 b6 14. Rac1 Nc5 15. Nc3 O-O 16. Nd5 Bxd5 17. cxd5 Na7 18. Be2 Qb7 19. Nxc5 bxc5 20. Rc3 a4 21. b3 Bd8 22. Qb2 Ba5 23. Rc2 Rfb8 24. Bc4 Nc8 25. Qc1 axb3 26. Bxb3 Nb6 27. Bd2 Rc8 28. Bxa5 Rxa5 29. Qd2 Qa7 30. Bc4 Nxc4 31. Rxc4 Rxa2 32. Rc2 c4+ 33. Kh1 Rxc2 34. Qxc2 c3 35. Re1 g6 36. h3 Qb6 37. Rb1 Qe3 38. Rd1 Kg7 39. Kh2 h5 40. Ra1 g5 41. Qc1 Qf4+ 42. g3 Qxf3 43. Qxg5+ Kh7 44. g4 Qf4+ 45. Qxf4 exf4 46. Kg2 hxg4 47. hxg4 Kg6 48. Kf3 Kg5 49. Rc1 f6 50. Rc2 Rc7 51. Rc1 c2 52. Kf2 Kxg4 53. Rg1+ Kh5 54. Rh1+ Kg6 55. Rg1+ Kf7 56. Rc1 Rc3 57. Ke2 f5 58. Kd2 Rc5 59. Kd3 Kf6 60. Kd4 Rc8 61. Kd3 Ke5 62. exf5 Kxd5 63. f6 Ke6 64. Ke4 Rc4+ 65. Kd3 d5 66. f7 Kxf7 67. Kd2 Kf6 68. Kd3 Kf5 69. Ke2 Ke4 70. Kd2 f3 71. Re1+ Kf4 72. Kd3 c1=Q 73. Re4+ dxe4# 0-1

[Event "FIDE World Cup O10-A 2024"]
[Site "Batumi"]
[Date "2024.06.25"]
[Round "3.7"]
[White "Ramesan, Raunak Amit"]
[Black "Kalinichenko, German Yu"]
[Result "1-0"]
[ECO "C58"]
[WhiteElo "1772"]
[BlackElo "1634"]
[Annotator "NA RC"]
[PlyCount "79"]
[EventDate "2024.06.23"]
[EventType "swiss"]
[EventCountry "GEO"]
[SourceTitle "playchess.com"]
[Source "ChessBase"]
[SourceQuality "1"]
[TimeControl "5400+30"]

1. e4 e5 2. Nf3 Nc6 3. Bc4 Nf6 4. Ng5 d5 5. exd5 Na5 6. Bb5+ c6 7. dxc6 bxc6 8. Qf3 Be7 9. Bd3 O-O 10. Nc3 h6 11. Nge4 Nd5 12. Ng3 Nf4 13. O-O Nxd3 14. cxd3 Ba6 15. Re1 f6 16. d4 exd4 17. Nf5 Rf7 18. Ne4 Bc8 19. d3 Bxf5 20. Qxf5 Bb4 21. Bd2 Bxd2 22. Nxd2 Nb7 23. Rac1 Qc7 24. Qe4 c5 25. Nb3 Rc8 26. Nxd4 Qa5 27. Qe6 Rcc7 28. Nf5 c4 29. Qe8+ Kh7 30. Ne7 Rfxe7 31. Rxe7 Rxe7 32. Qxe7 cxd3 33. Qxb7 d2 34. Rd1 Qe5 35. Qb4 Qd5 36. Qxd2 Qxa2 37. h3 Qe6 38. Qe3 Qc6 39. Qd3+ Kg8 40. Qd5+ 1-0

[Event "FIDE World Cup O10-A 2024"]
[Site "Batumi"]
[Date "2024.06.25"]
[Round "3.8"]
[White "Kiladze, Giorgi"]
[Black "Ismailov, Omarbek"]
[Result "0-1"]
[ECO "B22"]
[WhiteElo "1552"]
[BlackElo "1716"]
[Annotator "NA RC"]
[PlyCount "162"]
[EventDate "2024.06.23"]
[EventType "swiss"]
[EventCountry "GEO"]
[SourceTitle "playchess.com"]
[Source "ChessBase"]
[SourceQuality "1"]
[TimeControl "5400+30"]

1. e4 c5 2. c3 e6 3. d4 cxd4 4. cxd4 Nf6 5. Nc3 Bb4 6. Bd3 d5 7. e5 Nfd7 8. Nf3 Nc6 9. O-O h6 10. a3 Bxc3 11. bxc3 Nb6 12. Qe2 Bd7 13. Be3 Rc8 14. Rac1 Na5 15. Nd2 Nac4 16. Nxc4 Nxc4 17. Bxc4 Rxc4 18. Rc2 O-O 19. f4 f5 20. Rf3 Kh7 21. Rh3 Qe7 22. Bc1 Rfc8 23. g4 fxg4 24. Qxg4 Qf7 25. Bb2 Rxd4 26. Rf2 Re4 27. Kg2 Rf8 28. Rhf3 Ba4 29. Qg3 Bd1 30. Rd3 Bh5 31. Rd4 Qf5 32. Rb4 b6 33. a4 Rxb4 34. cxb4 Qe4+ 35. Kh3 g5 36. Bc1 Qf5+ 37. Kg2 gxf4 38. Rxf4 Qc2+ 39. Kh3 Rg8 40. Qe3 Qg2+ 41. Kh4 Qg5+ 42. Kh3 Qg2+ 43. Kh4 Qxh2+ 44. Qh3 Qxh3+ 45. Kxh3 Bg6 46. Rf6 Rc8 47. Bd2 Rc2 48. Bf4 Rc3+ 49. Kh4 Rc4 50. Kg3 Rc3+ 51. Kh4 Bf5 52. Rxh6+ Kg7 53. Kg5 Rc2 54. Rh2 Rc4 55. Rb2 d4 56. a5 b5 57. Bd2 a6 58. Ra2 d3 59. Rb2 Rg4+ 60. Kh5 Kf7 61. Bc3 Rc4 62. Bd2 Ke7 63. Be3 Kd7 64. Kg5 Kc6 65. Kf6 Kd5 66. Bd2 Re4 67. Bc3 Kc4 68. Bd2 Re2 69. Ke7 Rxd2 70. Rxd2 Kxb4 71. Ra2 Kb3 72. Rh2 Kc3 73. Kd6 d2 74. Rxd2 Kxd2 75. Kc6 b4 76. Kb6 Bd3 77. Ka7 b3 78. Ka8 b2 79. Ka7 b1=Q 80. Ka8 Be4+ 81. Ka7 Qb7# 0-1

[Event "FIDE World Cup O10-A 2024"]
[Site "Batumi"]
[Date "2024.06.25"]
[Round "3.9"]
[White "Eshkol, Idan"]
[Black "Obado, Sean Adrich"]
[Result "1/2-1/2"]
[ECO "B40"]
[WhiteElo "1544"]
[BlackElo "1631"]
[Annotator "NA RC"]
[PlyCount "78"]
[EventDate "2024.06.23"]
[EventType "swiss"]
[EventCountry "GEO"]
[SourceTitle "playchess.com"]
[Source "ChessBase"]
[SourceQuality "1"]
[TimeControl "5400+30"]

1. e4 c5 2. Nf3 e6 3. b3 Nc6 4. Bb2 d5 5. Bb5 Nf6 6. exd5 Nxd5 7. Ne5 Qc7 8. Bxc6+ bxc6 9. Qe2 Be7 10. Ng4 f6 11. Nc3 Rb8 12. O-O-O Qa5 13. Kb1 e5 14. Ne3 Be6 15. g3 O-O 16. f4 Rfe8 17. h4 Nxe3 18. Qxe3 c4 19. Na4 cxb3 20. axb3 Bd6 21. fxe5 Bxe5 22. Bxe5 fxe5 23. Kc1 Rb5 24. Qc3 Qa6 25. Rde1 Bf7 26. Rhf1 Reb8 27. Rxf7 Qxa4 28. Rf3 Qa3+ 29. Qb2 Qe7 30. Rfe3 Re8 31. d4 Qd6 32. Rxe5 Rexe5 33. Rxe5 Rxe5 34. dxe5 Qc5 35. Kd2 Qf2+ 36. Kd1 Qf1+ 37. Kd2 Qf2+ 38. Kd1 Qf1+ 39. Kd2 Qf2+ 1/2-1/2

[Event "FIDE World Cup O10-A 2024"]
[Site "Batumi"]
[Date "2024.06.25"]
[Round "3.10"]
[White "Guntaka, Aayansh"]
[Black "Chkhartishvili, Lazare"]
[Result "1-0"]
[ECO "B33"]
[WhiteElo "1872"]
[BlackElo "1608"]
[Annotator "NA RC"]
[PlyCount "63"]
[EventDate "2024.06.23"]
[EventType "swiss"]
[EventCountry "GEO"]
[SourceTitle "playchess.com"]
[Source "ChessBase"]
[SourceQuality "1"]
[TimeControl "5400+30"]

1. e4 c5 2. Nf3 Nc6 3. d4 cxd4 4. Nxd4 Nf6 $11 5. Nc3 e5 6. Ndb5 d6 7. Bg5 a6 8. Na3 b5 9. Nd5 Be7 10. Bxf6 Bxf6 11. c3 O-O 12. h4 g6 13. g3 Bg7 14. Nc2 Rb8 15. Bg2 a5 16. O-O Be6 17. Nce3 b4 18. Qd3 bxc3 19. bxc3 Kh8 20. Rfd1 f5 21. Nc4 f4 22. Rab1 g5 23. Rxb8 Nxb8 24. hxg5 Qxg5 25. Nxd6 Bg4 26. f3 fxg3 27. fxg4 Qh4 28. Nf5 Qh2+ 29. Kf1 Nd7 30. Qf3 Nc5 31. Ke2 h5 32. Rh1 1-0

[Event "FIDE World Cup O10-A 2024"]
[Site "Batumi"]
[Date "2024.06.25"]
[Round "3.11"]
[White "Macosay Lopez, Julio David"]
[Black "TURKI, YOUSEF HATTAN A"]
[Result "1-0"]
[ECO "C10"]
[WhiteElo "1607"]
[BlackElo "1401"]
[Annotator "NA RC"]
[PlyCount "86"]
[EventDate "2024.06.23"]
[EventType "swiss"]
[EventCountry "GEO"]
[SourceTitle "playchess.com"]
[Source "ChessBase"]
[SourceQuality "1"]
[TimeControl "5400+30"]

1. e4 e6 2. Nf3 d5 3. Nc3 dxe4 4. Nxe4 Nf6 5. Nxf6+ Qxf6 6. d4 Bd6 7. Bg5 Qg6 8. Bd3 f5 9. O-O O-O 10. Re1 Nc6 11. Qd2 h6 12. Bf4 Qg4 13. Bxd6 cxd6 14. h3 Qg6 15. Re2 Qf6 16. c3 e5 17. Bc4+ Kh8 18. dxe5 dxe5 19. Qc2 Be6 20. Bxe6 Qxe6 21. Nxe5 Nxe5 22. Rae1 Nf3+ 23. gxf3 Qg6+ 24. Kh2 Qd6+ 25. Kh1 Qc6 26. Qd3 Rad8 27. Qe3 Rd6 28. Qf4 Rg6 29. Rg1 Rxg1+ 30. Kxg1 Qg6+ 31. Qg3 Qa6 32. Re7 Qf6 33. Rxb7 Re8 34. Rxa7 Re1+ 35. Kg2 f4 36. Qg4 Re5 37. Kh2 Rg5 38. Qc8+ Kh7 39. Ra8 Rf5 40. Qg8+ Kg6 41. Re8 Re5 42. Rxe5 Qxe5 43. Qc4 Kh7 1-0

[Event "FIDE World Cup O10-A 2024"]
[Site "Batumi"]
[Date "2024.06.25"]
[Round "3.12"]
[White "Dien James"]
[Black "Wee, Yu Xi Lyndon"]
[Result "0-1"]
[ECO "C45"]
[WhiteElo "1419"]
[BlackElo "1408"]
[Annotator "NA RC"]
[PlyCount "71"]
[EventDate "2024.06.23"]
[EventType "swiss"]
[EventCountry "GEO"]
[SourceTitle "playchess.com"]
[Source "ChessBase"]
[SourceQuality "1"]
[TimeControl "5400+30"]

1. e4 e5 2. Nf3 Nc6 3. d4 exd4 4. Nxd4 Bb4+ 5. c3 Bc5 6. Be3 Bb6 7. Bc4 Nf6 8. Nd2 O-O 9. O-O d6 10. Nxc6 bxc6 11. Qe2 Re8 12. Qd3 d5 13. Bxb6 cxb6 14. exd5 cxd5 15. Bb5 Bd7 16. Bxd7 Qxd7 17. Rae1 Re6 18. Rxe6 fxe6 19. Re1 Rf8 20. c4 Qd6 21. Ne4 Nxe4 22. Rxe4 Qc5 23. Rd4 e5 24. b4 Qxd4 25. Qxd4 exd4 26. c5 d3 27. Kf1 d2 28. Ke2 Rxf2+ 29. Kd1 Rf1+ 30. Kxd2 bxc5 31. bxc5 Kf7 32. Kc3 Rc1+ 33. Kb4 d4 34. Kb5 Rxc5+ 35. Kxc5 d3 36. Kd4 0-1